Map: Écho EC

Players

DarkTemplar - Winner!

  • Race: Protoss Protoss

AgCl

  • Race: Protoss Protoss

VOD

Have the link to the VOD?

Description

Time

  • Played on: May 5, 2015, 5:02 a.m.
  • Length: 4:22
Show
View Real Time Build Order
Export as new Build Order

DarkTemplar Protoss - Winner!

Build Orders: Cannon Rush 

Get SALT Encoding   

  12  0:19  Pylon  
  12  0:22  Probe (Chrono Boost)  
  13  0:34  Probe (Chrono Boost)  
  14  0:37  Forge  
  15  0:43  Probe (Chrono Boost)  
  15  0:52  Probe  
  16  1:00  Pylon  
  16  1:04  Probe (Chrono Boost)  
  17  1:21  Pylon, Photon Cannon  
  17  1:27  Pylon  
  17  1:40  Photon Cannon  
  17  1:43  Photon Cannon  
  17  1:54  Photon Cannon  
  17  2:03  Photon Cannon  
  17  2:14  Pylon  
  17  2:19  Photon Cannon  
  17  2:30  Photon Cannon  
  17  2:42  Photon Cannon  
  17  2:47  Photon Cannon  
  17  2:53  Pylon  
  17  3:03  Photon Cannon  
  17  3:12  Photon Cannon  
  17  3:24  Photon Cannon  
  17  3:28  Photon Cannon  
  17  3:32  Photon Cannon  
  17  3:44  Pylon  
  17  3:47  Photon Cannon  
  17  3:55  Pylon  
  17  4:04  Photon Cannon  
  17  4:18  Photon Cannon  
Show
View Real Time Build Order
Export as new Build Order

AgCl Protoss 

Build Orders:  

Get SALT Encoding   

  13  0:09  Pylon  
  13  0:13  Probe  
  13  0:27  Gateway  
  13  0:32  Probe (Chrono Boost)  
  15  0:43  Probe (Chrono Boost), Assimilator  
  16  0:50  Probe (Chrono Boost)  
  16  1:01  Probe, Pylon  
  17  1:13  Probe  
  17  1:15  Zealot (Chrono Boost)  
  20  1:22  Cybernetics Core  
  20  1:25  Probe  
  21  1:37  Probe  
  22  1:44  Zealot (Chrono Boost)  
  21  2:14  Zealot (Chrono Boost)  
  23  2:18  Mothership Core  
  25  2:38  Stalker (Chrono Boost)  
  27  2:51  Assimilator  
  27  3:06  Stalker (Chrono Boost)  
  27  3:12  Probe  
  28  3:33  Probe  
  25  3:52  Mothership Core  
  23  4:02  Robotics Facility  
  23  4:03  Pylon  
Tags
 
Matchup
PvP
Add a new tag
Caveats
  • Supply blocks, unpowered buildings, or Contaminate may cause inaccurate times.
  • Supply counts are checked every 10 seconds.